 Dungeon Crawl Stone Soup version 0.17.1-1-g73c8601 (webtiles) character file.

270 Ponchio the Magician (level 6, 0/32 HPs)
             Began as a Deep Elf Fire Elementalist on Dec 13, 2015.
             Slain by an ice beast (10 damage)
             ... on level 4 of the Dungeon.
             The game lasted 00:23:58 (2822 turns).

Ponchio the Magician (Deep Elf Fire Elementalist)   Turns: 2822, Time: 00:23:58

Health: 0/32       AC:  3    Str:  5    XL:     6   Next: 1%
Magic:  16/17      EV: 12    Int: 26    God:
Gold:   236        SH:  1    Dex: 15    Spells: 2 memorised, 12 levels left

rFire  . . .     SeeInvis .     g - +0 short sword
rCold  . . .     Clarity  .     a - +0 robe
rNeg   + . .     SustAt   .     q - -2 buckler of Bouh Lyo {rN+ Int+4} (curse)
rPois  .         Gourm    .     (no helmet)
rElec  .         Spirit   .     (no cloak)
rCorr  .         Warding  .     e - +0 pair of gloves
rMut   .         Stasis   .     (no boots)
MR     .....                    l - amulet of rage
Stlth  ++........               (no ring)
                                (no ring)

@: not resistant to hostile enchantments, unstealthy
A: no striking features
a: Evoke Berserk Rage


You were on level 4 of the Dungeon.
You were not hungry.

You visited 1 branch of the dungeon, and saw 4 of its levels.

You collected 236 gold pieces.

Inventory:

Hand Weapons
 g - a +0 short sword (weapon)
Armour
 a - a +0 robe (worn)
 e - a +0 pair of gloves (worn)
 q - the cursed -2 buckler of Bouh Lyo (worn) {rN+ Int+4}
   (You found it on level 4 of the Dungeon)

   It affects your intelligence (+4).
   It protects you from negative energy.
   It has a curse placed upon it.
Jewellery
 l - an amulet of rage (around neck)
Scrolls
 h - a scroll of noise
 k - a scroll of remove curse
Potions
 d - 2 potions of cancellation
 f - a potion of haste
 i - 3 potions of might
 m - a potion of curing
 n - 2 potions of heal wounds {unknown}
 o - a potion of cure mutation {unknown}
 p - 3 potions of flight {unknown}
Books
 b - a book of Flames

   Spells                             Type                      Level
   a - Flame Tongue                   Conjuration/Fire             1
   b - Throw Flame                    Conjuration/Fire             2
   c - Conjure Flame                  Conjuration/Fire             3
   d - Inner Flame                    Hexes/Fire                   3
   e - Sticky Flame                   Conjuration/Fire             4
   f - Fireball                       Conjuration/Fire             5
Comestibles
 c - 2 bread rations
 j - 3 meat rations
 r - 2 chunks of flesh


   Skills:
 - Level 2.4 Dodging
 - Level 2.4 Stealth
 - Level 6.6 Spellcasting
 + Level 3.1 Conjurations
 + Level 4.5 Fire Magic


You had 12 spell levels left.
You knew the following spells:

 Your Spells              Type           Power        Failure   Level  Hunger
a - Flame Tongue          Conj/Fire      ####.        2%          1    None
b - Fireball              Conj/Fire      ####......   77%         5    #####..


Dungeon Overview and Level Annotations

Branches:
Dungeon (4/15)
 Temple: D:4-7

Altars:
Gozag
Yredelemnul


Message History

The ice beast is lightly wounded.
The ice beast hits you. The ice beast freezes you!
Casting: Flame Tongue
Confirm with . or Enter, or press ? or * to list all spells.
Aiming: Flame Tongue
Press: ? - help, Shift-Dir - straight line, f - ice beast
Aim: an ice beast (lightly wounded)
The flame tongue hits the ice beast.
The ice beast melts!
The ice beast is heavily wounded.
The ice beast hits you. The ice beast freezes you!
* * * LOW HITPOINT WARNING * * *
Drink which item? (? for menu, Esc to quit)
You feel better. The ice beast hits you. The ice beast freezes you!
* * * LOW HITPOINT WARNING * * *
You aren't carrying any items that can be evoked.
Drink which item? (? for menu, Esc to quit)
Okay, then.
Drink which item? (? for menu, Esc to quit)
You feel better. The ice beast hits you. The ice beast freezes you!
You die...

##.....##
#.......##
.........#
#.........
#.....?..<
#.......##
#......Y###
###..#..@...###
#.............#
#...........#...
...
#............# .
...
#..........#..#
....
#..........##.#
....
#.............#
.... .
###.#.#...###.#
.... ..
#.#.#...# # ....


You could see an ice beast.

Vanquished Creatures
  A hound (D:4)
  An orc wizard (D:3)
  An iguana (D:4)
  A worker ant (D:4)
  8 adders
  An ooze (D:1)
  2 worms
  4 giant geckos
  5 orcs
  A ball python (D:1)
  3 giant cockroaches
  8 hobgoblins
  7 jackals
  9 kobolds
  2 quokkas (D:3)
  7 bats
  A giant gecko skeleton (D:4)
  4 giant newts
  5 goblins
  13 rats
84 creatures vanquished.

Notes
Turn   | Place    | Note
--------------------------------------------------------------
     0 | D:1      | Ponchio the Deep Elf Fire Elementalist began the quest for the Orb.
     0 | D:1      | Reached XP level 1. HP: 10/10 MP: 6/6
   273 | D:1      | Reached XP level 2. HP: 15/15 MP: 5/8
   280 | D:1      | Reached skill level 4 in Spellcasting
   728 | D:1      | Reached XP level 3. HP: 19/19 MP: 7/11
   955 | D:1      | Reached skill level 5 in Spellcasting
  1366 | D:2      | Reached XP level 4. HP: 21/24 MP: 7/13
  1374 | D:2      | Reached skill level 6 in Spellcasting
  2078 | D:3      | Reached XP level 5. HP: 28/28 MP: 13/16
  2087 | D:3      | Learned a level 5 spell: Fireball
  2222 | D:3      | Found an opulent altar of Gozag.
  2575 | D:4      | Got a slimy buckler
  2584 | D:3      | Identified the cursed -2 buckler of Bouh Lyo {rN+ Int+4} (You found it on level 4 of the Dungeon)
  2729 | D:4      | Found a basalt altar of Yredelemnul.
  2746 | D:4      | Reached XP level 6. HP: 32/32 MP: 14/17
  2812 | D:4      | Noticed an ice beast
  2822 | D:4      | Slain by an ice beast

Action                   |  1- 3 |  4- 6 || total
-------------------------+-------+-------++-------
Melee: Unarmed           |     3 |       ||     3
       Short sword       |     1 |     2 ||     3
 Cast: Flame Tongue      |    87 |    89 ||   176
  Use: Scroll            |     6 |     4 ||    10
       Potion            |       |     2 ||     2
 Stab: Sleeping          |       |     2 ||     2
  Eat: Chunk             |     1 |     5 ||     6
